 Dungeon Crawl Stone Soup version 0.31-a0-819-gf6de2f5ab6 (webtiles) character file.

Game seed: 12095073688390822703

270 Leeroy the Changeling (level 6, -5/24 HPs)
             Began as a Draconian Shapeshifter on Sept 23, 2023.
             Killed by divine providence
             ... invoked by an orc priest
              (13 damage)
             ... on level 3 of the Dungeon.
             The game lasted 00:04:12 (2972 turns).

Leeroy the Changeling (Draconian Shapeshifter)      Turns: 2972, Time: 00:04:13

Health: -5/24      AC:  6    Str: 18    XL:     6   Next: 1%
Magic:  6/6        EV: 12    Int: 11    God:
Gold:   220        SH:  0    Dex: 10    Spells: 5/5 levels left

rFire   . .          .
                       - Unarmed
rCold   . . .        (shield currently unavailable)
rNeg    . . .        (body armour unavailable)
rPois   .            (helmet restricted)
rElec   .            (no cloak)
rCorr   .            (gloves currently unavailable)
SInv    .            (no boots)
Will    .....        (no amulet)
Stlth   +            (no ring)
HPRegen 0.24/turn    (no ring)
MPRegen 0.10/turn

%: no passive effects
@: blade hands
A: reduced hp, AC +6, unfitting armour, cold-blooded
a: Begin Untransformation


You were on level 3 of the Dungeon.
You had blades for hands.
You visited 1 branch of the dungeon, and saw 4 of its levels.

You collected 220 gold pieces.

Inventory:

Missiles
 l - a throwing net
Jewellery
 r - a ring of protection from fire
Talismans
 b - a beast talisman
 c - a flux talisman
 p - a blade talisman (active)
 s - a maw talisman
Scrolls
 e - a scroll of fog {unknown}
 g - 2 scrolls of immolation {unknown}
 h - a scroll of teleportation {unknown}
 i - a scroll of poison {unknown}
 j - 4 scrolls of identify {unknown}
 k - a scroll of butterflies {unknown}
 o - a scroll of silence {unknown}
 q - a scroll of enchant weapon {unknown}
Potions
 a - a potion of lignification
 d - 4 potions of curing {unknown}
 f - a potion of degeneration {unknown}
 m - 3 potions of haste {unknown}
 n - a potion of mutation {unknown}


   Skills:
 - Level 1.1 Fighting
 - Level 1.7 Dodging
 - Level 5.0 Unarmed Combat
 + Level 5.1 Shapeshifting


You had 5 spell levels left.
You didn't know any spells.
Your spell library contained the following spells:

 Spells                   Type           Power      Damage    Failure   Level
 Freeze                   Ice            0%         1d3       34%         1
 Frozen Ramparts          Ice            0%         1d1       71%         3
 Hailstorm                Conj/Ice       0%         3d3       71%         3


Dungeon Overview and Level Annotations

Branches:
Dungeon (4/15)
 Temple: D:4-7

Altars:

Shops:
D:2 :

Annotations:
D:3 1 runed translucent door, KimchiStew's ghost, amateur HuFi; Sigmund
D:4 4 runed translucent doors, Crazy Yiuf; noobster's ghost, novice HOFi


Innate Abilities, Weirdness & Mutations

You have blades for hands.
Your maximum health is decreased, since you lack skill for your form.
You are incapable of wielding weapons or throwing items.
Your plain brown scales are hard. (AC +6)
You cannot fit into any form of body armour.
You are cold-blooded and may be slowed by cold attacks.


Message History

No target in view!
You begin transforming.
You continue transforming. x3
Your transformation has ended.
Your hands turn into razor-sharp scythe blades.
A rat is nearby!
A rat is nearby!
A rat is nearby!
An orc comes into view. It is wielding a +0 flail.
The orc shouts!
You hear a shout!
The orc moves out of view.
An orc comes into view. It is wielding a +0 flail.
An orc priest comes into view. It is wielding a +0 heavy flail.
The orc shouts!
An orc comes into view. It is wielding a +0 trident.
The orc shouts!
The orc priest shouts!
You hear an angry hiss.
The rat bites you but does no damage.
You slash the rat!
You kill the rat!
You have reached level 6!
Your scales feel tougher.
You hit the orc.
The orc is lightly wounded.
The orc hits you with a +0 flail!
You slash the orc!
You kill the orc!
The orc hits you from afar with a +0 trident.
The orc closely misses you.
You are too injured to fight recklessly!
You are too injured to fight recklessly!
You are too injured to fight recklessly!
You are too injured to fight recklessly!
You slash the orc!
You kill the orc!
The orc closely misses you. The orc hits you with a +0 trident.
The orc priest mumbles some strange prayers to Beogh against you.
Beogh smites you!
Ouch! That really hurt!
You die...

####......# #... #.
#......# #...
#.#####...### #...
............# #...
##..........# #...
............# #...
#..........# #...
#....o.....# ####
#.....@o#####
#.....).....#
#######.....#
#....)###########
#.......)........
#........##########
..........# ########
#.############.......
# ~~~~~F#.######


You could see an orc priest and an orc.

Vanquished Creatures
  A hound (D:4)
  An orc priest (D:4)
  An iguana (D:4)
  6 gnolls
  4 adders
  A worm (D:2)
  2 dart slugs
  11 orcs
  4 endoplasms
  2 giant cockroaches
  6 goblins
  8 hobgoblins
  4 jackals (D:1)
  6 kobolds
  2 quokkas
  6 ball pythons
  4 bats
  4 frilled lizards (D:1)
  6 rats
79 creatures vanquished.

Notes
Turn   | Place    | Note
-------+----------+-------------------------------------------
     0 | D:1      | Leeroy the Draconian Shapeshifter began the quest for the
                  | Orb.
     0 | D:1      | Reached XP level 1. HP: 16/16 MP: 1/1
   237 | D:1      | Reached XP level 2. HP: 20/23 MP: 2/2
   929 | D:2      | Reached XP level 3. HP: 23/28 MP: 3/3
  1129 | D:2      | Reached skill level 5 in Unarmed Combat
  1129 | D:2      | Reached XP level 4. HP: 26/35 MP: 4/4
  1327 | D:2      | Found Doqeumn's Book Shop.
  1559 | D:3      | Found a runed translucent door.
  1559 | D:3      | Noticed KimchiStew's ghost (amateur HuFi)
  1559 | D:3      | Noticed a bullfrog
  1857 | D:3      | Noticed Sigmund
  2086 | D:4      | Reached XP level 5. HP: 39/40 MP: 5/5
  2167 | D:4      | Found a runed translucent gate.
  2167 | D:4      | Found a runed translucent gate.
  2167 | D:4      | Noticed noobster's ghost (novice HOFi)
  2168 | D:4      | Found a runed translucent gate.
  2550 | D:4      | Reached skill level 5 in Shapeshifting
  2595 | D:4      | Found a runed translucent door.
  2596 | D:4      | Noticed Crazy Yiuf
  2781 | D:4      | Noticed a black bear
  2969 | D:3      | Reached XP level 6. HP: 23/47 MP: 6/6
  2972 | D:3      | Killed from afar by an orc priest

Illustrated notes

Levels and vault maps discovered:
D:1:      lemuel_arrival_room, layout_basic, minmay_cupped
D:2:      layout_loops_ring, serial_shops, shop
D:3:      layout_basic, ebering_ghost_sewer_f, uniq_sigmund
D:4:      layout_loops_ring, gammafunk_ghost_nasty_kobolds,
          uniq_crazy_yiuf_cottage

Skill      XL: |  1  2  3  4  5 |
---------------+----------------+-----
Unarmed Combat | 4 5 |  5.0
Shapeshifting  | 5 |  5.1
Fighting       | |  1.1
Dodging        | |  1.7

Action                     |  1- 3 |  4- 6 || total
---------------------------+-------+-------++-------
  Melee: Unarmed           |    92 |   108 ||   200
         Tailslap          |    10 |    15 ||    25
         Punch             |       |     3 ||     3
   Stab: Sleeping          |     1 |     2 ||     3
 Armour: Skin              |    42 |    50 ||    92
  Dodge: Dodged            |    60 |    65 ||   125
   Form: Blade             |       |     1 ||     1

Table legend: (Time is in decaauts)
 A = Elapsed time spent in this place.
 B = Non-inter-level travel time spent in this place.
 C = Inter-level travel time spent in this place.
 D = Time resting spent in this place.
 E = Time spent auto-exploring this place.
 F = Levels seen in this place.
 G = Mean time per level.
                   A        B        C        D        E       F      G
               +--------+--------+--------+--------+--------+-----+--------+
         Total |   2959 |   2881 |     78 |    105 |   2264 |   4 |  739.8 |
       Dungeon |   2959 |   2881 |     78 |    105 |   2264 |   4 |  739.8 |
               +--------+--------+--------+--------+--------+-----+--------+

Top non-repeatable levels by time:
     D:4: 807 daAuts
     D:2: 772 daAuts
     D:1: 755 daAuts
     D:3: 624 daAuts
